 Dungeon Crawl Stone Soup version 0.31-a0-828-gb7646bb5e3 (webtiles) character file.

Game seed: 10013759389444935171

189 Descartes the Ducker (level 5, -3/23 HPs)
             Began as a Felid Shapeshifter on Sept 23, 2023.
             Slain by a gnoll
             ... wielding a +0 whip
             ... led by a gnoll bouda
              (7 damage)
             ... on level 3 of the Dungeon.
             The game lasted 00:05:18 (3081 turns).

Descartes the Ducker (Felid Shapeshifter)           Turns: 3081, Time: 00:05:19

Health: -3/23      AC:  1    Str: 12    XL:     5   Next: 40%
Magic:  6/6        EV: 18    Int: 11    God:
Gold:   194        SH:  0    Dex: 16    Spells: 4/4 levels left
                                        Lives:  0   Deaths: 2

rFire   . .          .
                       - Unarmed
rCold   . . .        (shield unavailable)
rNeg    . . .        (body armour unavailable)
rPois   .            (helmet unavailable)
rElec   .            (cloak unavailable)
rCorr   .            (gloves unavailable)
SInv    +            (boots unavailable)
Will    .....        (no amulet)
Stlth   ++           (no ring)
HPRegen 0.23/turn    (no ring)
MPRegen 0.10/turn

%: no passive effects
@: brilliant, beast-form, quick
A: beast (slay +2), very small, claws 1, fangs 3, see invisible, speed 1, shaggy
fur 1, stealthy paws, no weapons or thrown items, no armour, multi-lived
a: Begin Untransformation


You were on level 3 of the Dungeon.
You were a hulking beast.
You visited 1 branch of the dungeon, and saw 4 of its levels.

You collected 194 gold pieces.

Inventory:

Talismans
 a - a flux talisman
 b - a beast talisman (active)
 c - a flux talisman
Wands
 k - a wand of polymorph (6)
 m - a wand of digging (8)
Scrolls
 d - 4 scrolls of identify {unknown}
 e - a scroll of teleportation {unknown}
 h - 2 scrolls of fog {unknown}
 i - a scroll of vulnerability {unknown}
 l - a scroll of amnesia {unknown}
Potions
 f - a potion of brilliance
 g - 2 potions of degeneration {unknown}
 j - a potion of curing {unknown}
 n - 2 potions of might {unknown}
 o - a potion of mutation {unknown}
 p - a potion of attraction {unknown}
 q - a potion of enlightenment {unknown}


   Skills:
 + Level 2.4 Fighting
 + Level 4.1 Dodging
 + Level 3.1 Stealth
 + Level 3.7 Unarmed Combat
 + Level 4.1 Shapeshifting


You had 4 spell levels left.
You didn't know any spells.
Your spell library contained the following spells:

 Spells                   Type           Power      Damage    Failure   Level
 Sting                    Tmut/Pois      0%         1d3       34%         1
 Ensorcelled Hibernation  Hex/Ice        0%         N/A       47%         2
 Passwall                 Tmut/Erth      0%         N/A       47%         2
 Poisonous Vapours        Pois/Air       0%         N/A       47%         2
 Swiftness                Air            0%         N/A       71%         3
 Brom's Barrelling Bould  Conj/Erth      0%         2d3       98%         4
 Olgreb's Toxic Radiance  Pois           0%         N/A       98%         4
 Fireball                 Conj/Fire      0%         3d3       100%        5
 Iskenderun's Battlesphe  Conj           0%         2d6       100%        5
 Conjure Ball Lightning   Conj/Air       0%         3x3d6     100%        6
 Orb of Destruction       Conj           0%         9d5       100%        7


Dungeon Overview and Level Annotations

Branches:
Dungeon (4/15)
 Temple: D:4-7

Altars:
Cheibriados

Shops:
D:3 =[=

Annotations:
D:2 1 runed translucent door, Crazy Yiuf
D:3 1 runed translucent door, Ijyb; MacCMillion's ghost, amateur TeGl


Innate Abilities, Weirdness & Mutations

You are a hulking beast.
Your limbs bulge with bestial killing power. (Slay +2)
You have sharp claws.
You have razor-sharp teeth.
You have supernaturally acute eyesight. (SInv)
You cover ground quickly. (Speed+)
You are covered in fur. (AC +1)
Your paws help you pounce on unaware monsters.
You are incapable of wielding weapons or throwing items.
You cannot wear armour.
You gain extra lives every three experience levels.


Message History

The gnoll attacks as it pursues you! The gnoll barely misses you.
The gnoll bouda barks out a call to the hunt!
The gnolls pick up the pace!
The gnoll attacks as it pursues you! The gnoll misses you.
The sky beast flickers out of sight for a moment.
The gnoll attacks as it pursues you! The gnoll closely misses you.
The gnoll attacks as it pursues you! The gnoll completely misses you.
The gnoll attacks as it pursues you! The gnoll hits you with a +0 club.
The gnoll attacks as it pursues you! The gnoll misses you.
Found a golden potion.
The gnoll attacks as it pursues you! The gnoll misses you.
The gnoll completely misses you.
The gnoll bouda calls upon its god to heal the gnoll.
The gnoll's wounds heal themselves!
The gnoll attacks as it pursues you! The gnoll misses you.
There is a stone staircase leading up here.
The gnoll barely misses you. The gnoll misses you.
You climb upwards.
Level annotation: 1 runed translucent door, Ijyb; MacCMillion's ghost, amateur TeGl
There is a stone staircase leading down here.
You completely miss the gnoll. The gnoll hits you with a +0 whip!
The gnoll barely misses you.
You scratch the gnoll.
The gnoll is moderately wounded.
The gnoll hits you with a +0 whip.
* * * LOW HITPOINT WARNING * * *
The gnoll completely misses you.
Unknown command.
You barely miss the gnoll.
The gnoll is moderately wounded.
The gnoll is no longer moving quickly.
The gnoll closely misses you. x2
You scratch the gnoll but do no damage.
The gnoll is moderately wounded.
The gnoll misses you. The gnoll hits you with a +0 club.
* * * LOW HITPOINT WARNING * * *
Unknown command.
It was a potion of brilliance.
You feel clever all of a sudden. The gnoll hits you with a +0 whip!
You die...

#.# #.#.# # ####'####
#.#.################ #
#.......#
#.#.......(##....... #
#.......#
#......###.##.###### #
#.......# ###..#.# #.##.# #
# #.......########.###.##.#
# #
##..................#.##.# #
###.....##.########.#.#.##.#
#
.........#'#...gh##.#.#.##.#
#
#.#.###..+∩'.###g##.#.#.##.#
# #.#.#
#.##'#...#.##.#.#.##.# #
#.#.# #.#..###.#.##.#.#..#.#
#.#.# #.#.## #.#.##.#.##.#.#
#.#.# #.#.# #.#.##.#.##.#.#
#.#.# #∩#.#########.#....#.#
#.#.# #.#.##..#§§
#.######.###### #.#.#
#.#.....+g§ #........).....


You could see 2 gnolls.

Vanquished Creatures
  A howler monkey (D:2)
  An orc wizard (D:2)
  A hound skeleton (D:3)
  A mummy (D:3)
  An adder (D:3)
  An adder skeleton (D:3)
  4 worms
  2 dart slugs (D:3)
  4 orcs (D:2)
  8 bats
  6 endoplasms
  4 giant cockroaches
  6 goblins
  2 hobgoblins (D:1)
  3 quokkas
  6 ball pythons
  A ball python skeleton (D:3)
  4 frilled lizards
  6 kobolds
  2 quokka skeletons (D:3)
  6 rats
70 creatures vanquished.

Notes
Turn   | Place    | Note
-------+----------+-------------------------------------------
     0 | D:1      | Descartes the Felid Shapeshifter began the quest for the
                  | Orb.
     0 | D:1      | Reached XP level 1. HP: 9/9 MP: 2/2
   239 | D:1      | Reached XP level 2. HP: 10/12 MP: 3/3
   280 | D:1      | Reached skill level 1 in Stealth
   878 | D:2      | Reached XP level 3. HP: 15/15 MP: 4/4
   936 | D:2      | Slain by an orc
  1082 | D:2      | Noticed Sigmund
  1223 | D:2      | Found a runed translucent door.
  1224 | D:2      | Noticed Crazy Yiuf
  1292 | D:2      | Reached XP level 4. HP: 18/19 MP: 5/5
  1380 | D:2      | Slain by an orc
  1405 | D:2      | Sigmund changed into Sigmund the howler monkey
  1405 | D:2      | Noticed Sigmund
  1418 | D:2      | Killed Sigmund the howler monkey
  1890 | D:3      | Found Bixeidghe's Jewellery Boutique.
  1913 | D:3      | Reached XP level 5. HP: 22/22 MP: 6/6
  2112 | D:3      | Noticed Ijyb
  2115 | D:3      | Found a snail-covered altar of Cheibriados.
  2210 | D:3      | Found a runed translucent door.
  2212 | D:3      | Found Arantaesu's Armour Boutique.
  2250 | D:3      | Found Aqesch's Jewellery Shop.
  2280 | D:3      | Noticed MacCMillion's ghost (amateur TeGl)
  3053 | D:4      | Noticed a sky beast
  3081 | D:3      | Slain by a gnoll

Illustrated notes

Levels and vault maps discovered:
D:1:      psy_arrival_statuary, layout_loops_corners
D:2:      layout_basic, uniq_sigmund, uniq_crazy_yiuf_cottage
D:3:      layout_basic, slow_altar_2, ebering_ghost_inner_flame, serial_undead,
          serial_undead_f, serial_undead_a, serial_undead_e, serial_undead_e,
          serial_undead_b, serial_shops, shop, nicolae_shop_behind_doors, shop,
          uniq_ijyb
D:4:      layout_gridville, solitary_fountain, kennysheep_generic_room_9

Skill      XL: |  1  2  3  4  5 |
---------------+----------------+-----
Dodging        | 3 4 |  4.1
Stealth        | 1 2 3 |  3.1
Fighting       | 2 |  2.4
Shapeshifting  | 4 |  4.1
Unarmed Combat | |  3.7

Action                     |  1- 3 |  4- 6 || total
---------------------------+-------+-------++-------
  Melee: Unarmed           |    67 |    97 ||   164
         Bite              |     9 |     6 ||    15
         Punch             |       |     6 ||     6
  Evoke: Wand              |       |     1 ||     1
    Use: Potion            |       |     2 ||     2
   Stab: Sleeping          |     7 |     5 ||    12
 Armour: Skin              |    19 |    29 ||    48
  Dodge: Dodged            |    38 |    77 ||   115

Table legend: (Time is in decaauts)
 A = Elapsed time spent in this place.
 B = Non-inter-level travel time spent in this place.
 C = Inter-level travel time spent in this place.
 D = Time resting spent in this place.
 E = Time spent auto-exploring this place.
 F = Levels seen in this place.
 G = Mean time per level.
                   A        B        C        D        E       F      G
               +--------+--------+--------+--------+--------+-----+--------+
         Total |   2554 |   2417 |    137 |      0 |   1881 |   4 |  638.5 |
       Dungeon |   2554 |   2417 |    137 |      0 |   1881 |   4 |  638.5 |
               +--------+--------+--------+--------+--------+-----+--------+

Top non-repeatable levels by time:
     D:3: 921 daAuts
     D:2: 818 daAuts
     D:1: 757 daAuts
     D:4: 56 daAuts
